Workbook

Sheet 設計パートナー契約書
D1: 建築工事設計パートナー契約書
B4: 発注者 | F4: =param!C2 -> 0
B5: 顧客コード | F5: =param!C4 -> 0
B6: 契約コード | F6: =param!C3 -> 0 | K6: 担当名 | N6: =param!C5 -> 0
B7: ブランド | F7: =param!C6 -> 0 | K7: 設計 | N7: =param!C7 -> 0
B8: 工事件名 | F8: =param!C8 -> 0
B9: 構造 | F9: =param!C9 -> 0 | K9: 形式 | N9: =param!C10 -> 0
B10: 建物 | F10: 1階 | G10: =param!C11 -> 0 | I10: 2階 | J10: =param!C12 -> 0 | L10: 3階 | M10: =param!C13 -> 0 | P10: 延床 | Q10: =param!C15 -> 0
B11: 床面積 | H11: 地下 | J11: =param!C14 -> 0 | L11: PH階 | M11: =param!C27 -> 0 | P11: (坪) | Q11: =param!C16 -> 0
B12: 建築場所 | F12: =param!C17 -> 0
B13: 設計契約金 | G13: 金 | H13: =param!C18 -> 0 | M13: 円 | N13: 支払時期 | P13: =param!C19 -> 0
F15: 設計パートナー契約 約款
B17: 第一条 | E17: 上記の工事について、発注者（以下[甲]といいます）と、請負人（以下[乙]といいます）とは、各々対等な立場における合意に基づき、本契約の目的物である建物の設計及び申請業務において、お互いに協力して信義に基づき誠実に本契約を履行するものとします。
B22: 第二条 | E22: 図面確定後、速やかに建物工事請負契約を締結し、既に預かり済みの設計契約金は、本契約工事代金に充当する事とします。
B25: 第三条 | E25: 本契約は、止むを得ない事由が発生したときは、乙の承諾を得て本契約を解除する事ができます。甲は契約解除に伴う損害金として50万円を乙に支払うものとします。本条による契約解除に伴って乙に生じた損害及び経費が50万円を超えた場合にも甲の賠償額は50万円とします。 | V25: 本契約は、止むを得ない事由が発生したときは、乙の承諾を得て本契約を解除する事ができます。甲は契約解除に伴う金額として50万円を乙に支払うものとし、甲は契約解除に伴う金額とは別に実費額を乙に支払うものとします。更にその他、生ずる損害を賠償するものとします。 この場合、甲は当該返還金以外については何等の請求又は権利の主張を行わないものとします。また、乙が返還する場合においての利息は含みません。 | AL25: 発注者の支払いに金融機関等の融資を利用する場合、発注者に対する融資の承認がなされなかった場合には、発注者は受注者の斡旋する金融機関で再度融資の申し込みをするものとし、それが承認されなかった場合に本契約を解除することができるものとします。この場合、発注者は受注者に対して、解除を伴う賠償金とし15万円を支払うものとします。ただし、その他費用が生じている場合には発注者は、この賠償金にその他費用を加えて支払うものとします。 この場合、甲は当該返還金以外については何等の請求又は権利の主張を行わないものとします。また、乙が返還する場合においての利息は含みません。
C30: 第四条 | E30: 甲の支払いに金融機関等の融資を利用する場合、甲に対する融資の承認がなされなかった場合には、甲は乙の斡旋する金融機関で再度融資の申し込みをするものとし、それが承認されなかった場合には、乙の承諾なく本契約を解除することができるものとします。この場合、甲は契約解除を伴う損害金として15万円を乙に支払うものとします。本条による契約解除に伴って乙に生じた損害及び経費が15万円を超えた場合にも甲の賠償額は15万円とします。
E37: 本契約の証として、本書２通を作成し、記名捺印の上、各自１通を保有する。
B39: 日付:
F41: （甲）発注者 | J41: 〒
I42: 住 所
I44: 氏 名
S45: 印
J47: 〒
I48: 住 所
I50: 氏 名
S51: 印
B52: 印紙（200円）
F53: （乙）請負人 | J53: 〒 | K53: =param!C20 -> 0
I54: 住 所 | K54: =param!C21 -> 0
I56: 商 号 | K56: =param!C22 -> 0
K58: =param!C23 -> 0 | S58: 印
I61: お振込先 | K61: =param!C24 -> 0
K62: =param!C25 -> 0
B64: 45282
B65: 約款第三条、第四条の文言変更

Sheet param
B1: 項目 | C1: 値
B2: 発注者 | D2: F4 | E2: =IF(注文者="","",注文者&" 様")
B3: 契約コード | D3: F6 | E3: =契約コード
B4: 顧客コード | D4: F5 | E4: =顧客コード
B5: 担当名 | D5: N6 | E5: =IF(担当営業２="",担当営業,担当営業&"／"&担当営業２)
B6: ブランド | D6: F7 | E6: =契約ブランド
B7: 設計 | D7: N7 | E7: =営業設計
B8: 工事件名 | D8: F8 | E8: =IF(工事名="","",工事名&" 様邸 新築工事")
B9: 構造 | D9: F9 | E9: =構造&"("&RW_LVL&")"
B10: 形式 | D10: N9 | E10: =シリーズ
B11: 1F床面積 | D11: G10 | E11: =_１F床面積
B12: 2F床面積 | D12: G11 | E12: =_２F床面積
B13: 3F床面積 | D13: K10 | E13: =_３F床面積
... B25: 契約会社 | D25: K66 | E25: =契約会社
B27: PH床面積
